 Dungeon Crawl Stone Soup version 0.24.0-125-gc4c63601f3 (webtiles) character file.

Game seed: 2824737076855696720, levelgen mode: deterministic

95685 Peloso the Fencer (level 15, -9/141 HPs)
             Began as a Minotaur Fighter on Mar 14, 2020.
             Was the Champion of Okawaru.
             Mangled by a storm dragon (28 damage)
             ... on level 15 of the Dungeon.
             The game lasted 01:05:06 (25088 turns).

Peloso the Fencer (Minotaur Fighter)               Turns: 25088, Time: 01:05:07

Health: -9/141     AC: 27    Str: 24      XL:     15   Next: 67%
Magic:  14/14      EV: 12    Int:  4 (5)  God:    Okawaru [******]
Gold:   1792       SH: 16    Dex: 13      Spells: 14/14 levels left

rFire    + . .     SeeInvis .   a - +8 double sword "Jeinlo Xush" {slice, rElec MR- Stlth+}
rCold    + + +     Gourm    .   c - +1 shield {rC+}
rNeg     . . .     Faith    .   J - +4 chain mail {rPois}
rPois    +         Spirit   .   H - +2 hat
rElec    +         Reflect  .   M - scarf {rC+ rF+}
rCorr    .         Harm     .   L - +1 pair of gloves {archery}
MR       .....                  o - +0 pair of boots
Stlth    ..........             O - amulet of the acrobat
HPRegen  0.33/turn              Q - +4 ring of protection
MPRegen  0.14/turn              S - ring of protection from cold

@: no status effects
A: retaliatory headbutt, horns 2, blurry vision 1, poison resistance
a: Heroism, Finesse, Renounce Religion


You were on level 15 of the Dungeon.
You worshipped Okawaru.
Okawaru was exalted by your worship.
You were hungry.

You visited 3 branches of the dungeon, and saw 22 of its levels.
You also visited: Ossuary and Ice Cave.

You collected 2430 gold pieces.
You spent 638 gold pieces at shops.

Inventory:

Hand Weapons
 a - the +8 double sword "Jeinlo Xush" (weapon) {slice, rElec MR- Stlth+}
   (Okawaru gifted it to you on level 12 of the Dungeon)

   It inflicts extra damage upon your enemies.
   It insulates you from electricity.
   It affects your resistance to hostile enchantments.
   It makes you more stealthy.
 b - a +4 scimitar of flaming
Armour
 c - a +1 shield of cold resistance (worn)
 o - a +0 pair of boots (worn)
 H - a +2 hat (worn)
 J - a +4 chain mail of poison resistance (worn)
 L - a +1 pair of gloves of archery (worn)
 M - a scarf of resistance (worn)
Jewellery
 u - an uncursed ring of resist corrosion
 x - an uncursed ring of protection from fire
 B - an uncursed ring of protection from magic
 O - an amulet of the acrobat (around neck)
 Q - a +4 ring of protection (left hand)
 S - a ring of protection from cold (right hand)
Wands
 T - a wand of digging (14)
Scrolls
 h - 4 scrolls of blinking
 j - a scroll of enchant armour
 m - 8 scrolls of teleportation
 t - 5 scrolls of remove curse
 A - 4 scrolls of fog
 G - a scroll of noise
 I - 2 scrolls of magic mapping
 V - 3 scrolls of identify
Potions
 d - 10 potions of might
 e - 5 potions of curing
 i - 8 potions of berserk rage
 p - 6 potions of flight
 w - 3 potions of resistance
 z - 4 potions of haste
 C - 6 potions of agility
 N - a potion of heal wounds
Comestibles
 f - 33 rations


   Skills:
 + Level 15.5 Fighting
 + Level 18.2 Long Blades
 + Level 13.5 Armour
 + Level 6.5 Dodging
 + Level 2.8 Stealth
 + Level 16.4 Shields
 + Level 0.6 Invocations
 + Level 1.0 Evocations


You had 14 spell levels left.
You didn't know any spells.
Your spell library contained the following spells:

 Spells                   Type           Power        Failure   Level  Hunger
 Animate Skeleton         Necr           N/A          95%         1    ##.....
 Apportation              Tloc           #.....       95%         1    ##.....
 Confusing Touch          Hex            #.....       95%         1    ##.....
 Flame Tongue             Conj/Fire      #....        95%         1    ##.....
 Infusion                 Chrm           #...         95%         1    ##.....
 Magic Dart               Conj           #...         95%         1    ##.....
 Summon Small Mammal      Summ           #...         95%         1    ##.....
 Blink                    Tloc           N/A          98%         2    ###....
 Call Imp                 Summ           #.......     98%         2    ###....
 Shroud of Golubria       Chrm/Tloc      #.....       98%         2    ###....
 Slow                     Hex            #.......     98%         2    ###....
 Song of Slaying          Chrm           #.......     98%         2    ###....
 Swiftness                Chrm/Air       #.......     98%         2    ###....
 Throw Flame              Conj/Fire      #.....       98%         2    ###....
 Call Canine Familiar     Summ           #.......     100%        3    ####...
 Conjure Flame            Conj/Fire      #.......     100%        3    ####...
 Inner Flame              Hex/Fire       #.......     100%        3    ####...
 Mephitic Cloud           Conj/Pois/Air  #.......     100%        3    ####...
 Ozocubu's Armour         Chrm/Ice       #.......     100%        3    ####...
 Regeneration             Chrm/Necr      #.........   100%        3    ####...
 Spectral Weapon          Hex/Chrm       #.......     100%        3    ####...
 Summon Guardian Golem    Hex/Summ       #.......     100%        3    ####...
 Sticky Flame             Conj/Fire      #.......     100%        4    #####..
 Summon Ice Beast         Ice/Summ       #.......     100%        4    #####..
 Summon Lightning Spire   Summ/Air       #.......     100%        4    #####..
 Excruciating Wounds      Chrm/Necr      #.........   100%        5    ######.
 Fireball                 Conj/Fire      #.........   100%        5    ######.
 Iskenderun's Battlesphe  Conj/Chrm      #.......     100%        5    ######.


Dungeon Overview and Level Annotations

Branches:
Dungeon (15/15)            Temple (0/1) D:7            Lair (5/6) D:11
 Shoals (0/4) Lair:4       Spider (0/4) Lair:3        Slime (0/5) Lair:5
    Orc (2/2) D:11            Elf (0/3) Orc:2        Vaults (0/5) D:13
 Depths (0/5) D:15        Ossuary (visited)           IceCv (visited)

Altars:
Cheibriados
Dithmenos
Fedhas
Gozag
Hepliaklqana
Okawaru
Ru
Vehumet
Xom
Zin
The Shining One
Jiyva

Shops:
D:4 *   D:5 %   D:7 (   D:9 (%(   D:14 }   Orc:2 ***:


Innate Abilities, Weirdness & Mutations

You reflexively headbutt those who attack you in melee.
You have a pair of horns on your head.
Scrolls take you a little longer to read.
Your system is resistant to poisons. (rPois)


Message History

The redback bites you but does no damage.
The storm dragon barely misses you. You furiously retaliate!
You headbutt the storm dragon. You block the storm dragon's attack.
The storm dragon tramples you.
You hold your ground!
The redback closely misses you.
You riposte.
You slash the redback!
You kill the redback!
Okawaru accepts your kill.
Your Evocations skill increases to level 1!
You slice the storm dragon!!
You headbutt the storm dragon, but do no damage.
The storm dragon is severely wounded.
The storm dragon bites you!!
* * * LOW HITPOINT WARNING * * *
The storm dragon claws you!
* * * LOW HITPOINT WARNING * * *
You block the storm dragon's attack. x2; The storm dragon closely misses you. x2
You hit the storm dragon but do no damage.
The storm dragon is severely wounded.
The storm dragon bites you!!
You die...

#...#...%:"[:.#..##.#
#..##.##.."###....#.#
####..#....D#..D..#.##.#
##.....#D.##..©DD#..©#..#
#......#......#y.##..#.##
.......##..D#...#Dy..#.#
........#....#......##.#
........#####?.###.##..# ####
............####@###..## #...
.................D...## #...
.................#############...
#..............### #...........
.#.....#......########.......####
.#######..##........##.......# #
.# ##....................# .##
###...........#...##...# ..#
###.................##...#


You could see a storm dragon (berserk).

Vanquished Creatures
  Gastronok (D:11)
  A fire giant (D:15)
  A frost giant (IceCv)
  An orc warlord (Orc:1)
  The ghost of Dextiela the Lord of Darkness, a journeyman DDNe of Kikubaaqudgha (D:15)
  The ghost of Yqiosoeh the Severer, a journeyman MiBe of Trog (D:13)
  2 ettins
  A yaktaur captain (D:15)
  Josephine (D:11)
  5 ogre magi
  Harold (D:7)
  A vault guard (D:13)
  7 hydras
  A centaur warrior (D:15)
  Erica (D:11)
  A death knight (D:12)
  A catoblepas (D:15)
  24 two-headed ogres
  3 death yaks (Lair:5)
  3 skeletal warriors (D:12)
  An unseen horror (D:12)
  An orc knight (Orc:1)
  Pikel (D:3)
  A wolf spider zombie (D:15)
  A wolf spider (D:15)
  4 manticores
  2 orc sorcerers (Orc:1)
  7 ugly things
  An oklob plant (Lair:1)
  A deep elf mage (D:14)
  7 cyclopes
  An ice statue (IceCv)
  Maurice (D:13)
  8 black mambas
  Psyche (D:8)
  12 spiny frogs
  A rime drake (Lair:4)
  3 kobold demonologists
  4 komodo dragons
  A yaktaur (D:15)
  An efreet (D:15)
  3 trolls
  19 polar bears
  A hornet (D:15)
  5 jumping spiders (Lair:3)
  A tyrant leech (shapeshifter) (D:13)
  A harpy skeleton (D:15)
  A snapping turtle (Lair:4)
  9 blink frogs
  6 dream sheep (Lair:4)
  6 hippogriffs
  22 yaks
  2 vampires
  6 wraiths
  A spriggan (shapeshifter) (D:13)
  4 redbacks
  A wyvern (Lair:2)
  3 hungry ghosts
  3 basilisks
  2 vampire mosquitoes (D:14)
  4 neqoxecs (D:13)
  An acid dragon (D:14)
  3 wargs
  10 water moccasins
  5 porcupines
  21 orc warriors
  2 ice beasts
  2 sky beasts
  2 phantoms
  3 black bears
  21 wolves
  6 centaurs
  42 ogres
  7 crocodiles
  4 big kobolds
  Blork the orc (D:4)
  13 bullfrogs
  3 wyvern zombies
  A hornet simulacrum (D:15)
  13 scorpions
  2 howler monkeys
  7 electric eels
  8 wights
  5 crimson imps
  4 centaur zombies
  5 quasits
  4 centaur skeletons
  17 orc priests
  Crazy Yiuf (D:2)
  2 bullfrog skeletons
  2 human zombies (Ossuary)
  8 jellies
  3 hounds
  4 iguanas
  Jessica (D:2)
  Natasha (twice) (D:3)
  Ijyb (D:3)
  18 orc wizards
  15 worker ants
  A killer bee zombie (D:7)
  2 big kobold zombies (Ossuary)
  A hound zombie (D:7)
  4 hound skeletons
  3 mummies (Ossuary)
  3 worker ant zombies
  7 gnolls
  16 adders
  3 scorpion zombies (Ossuary)
  4 shadow imps
  4 oozes
  An adder skeleton (D:7)
  A worm (D:3)
  3 dart slugs
  6 leopard geckos
  79 orcs
  7 giant cockroaches
  4 goblins
  3 hobgoblins
  10 jackals
  23 kobolds
  8 quokkas
  3 ball pythons
  A bat (D:1)
  4 frilled lizards
  A goblin zombie (Ossuary)
  3 hobgoblin zombies (Ossuary)
  2 kobold zombies (Ossuary)
  3 orc zombies (Ossuary)
  8 rats
  3 fungi (Lair:1)
  A plant (Lair:1)
709 creatures vanquished.

Vanquished Creatures (others)
  A slave (D:4)
  A worker ant (D:4)
  An orc (D:4)
  A ball python (D:4)
  2 fungi (Lair:5)
  A plant (Lair:2)
  5 toadstools (D:9)
12 creatures vanquished.

Grand Total: 721 creatures vanquished

Notes
Turn   | Place    | Note
-------+----------+-------------------------------------------
     0 | D:1      | Peloso the Minotaur Fighter began the quest for the Orb.
     0 | D:1      | Reached XP level 1. HP: 19/19 MP: 0/0
    79 | D:1      | Reached XP level 2. HP: 23/27 MP: 1/1
   614 | D:2      | Reached XP level 3. HP: 33/33 MP: 2/2
   727 | D:2      | Noticed a centaur
   740 | D:2      | Killed a centaur
   740 | D:2      | Reached skill level 3 in Long Blades
   740 | D:2      | Reached XP level 4. HP: 14/41 MP: 3/3
   899 | D:2      | Noticed Jessica
   915 | D:2      | Killed Jessica
   915 | D:2      | Reached skill level 5 in Armour
   915 | D:2      | Reached XP level 5. HP: 34/47 MP: 4/4
  1150 | D:2      | Found a runed translucent door.
  1151 | D:2      | Noticed Crazy Yiuf
  1400 | D:2      | Killed Crazy Yiuf
  1400 | D:2      | Reached skill level 5 in Shields
  1573 | D:3      | Noticed Ijyb
  1584 | D:3      | Killed Ijyb
  1584 | D:3      | Reached skill level 1 in Stealth
  1587 | D:3      | Reached skill level 4 in Long Blades
  1587 | D:3      | Reached XP level 6. HP: 31/53 MP: 5/5
  1601 | D:3      | Found a shadowy altar of Dithmenos.
  1693 | D:3      | Noticed Natasha
  1698 | D:3      | Killed Natasha
  1995 | D:3      | Noticed Natasha
  2006 | D:3      | Killed Natasha
  2116 | D:4      | Noticed Blork the orc
  2122 | D:4      | Killed Blork the orc
  2137 | D:4      | Reached skill level 5 in Long Blades
  2166 | D:4      | Reached skill level 1 in Dodging
  2166 | D:4      | Reached XP level 7. HP: 54/60 MP: 6/6
  2204 | D:4      | Noticed Pikel
  2263 | D:3      | Killed Pikel
  2263 | D:3      | Reached skill level 5 in Fighting
  2263 | D:3      | Reached skill level 6 in Long Blades
  2263 | D:3      | Reached XP level 8. HP: 43/68 MP: 7/7
  2398 | D:4      | Reached skill level 7 in Long Blades
  2681 | D:4      | Found an opulent altar of Gozag.
  2813 | D:4      | Found a sacrificial altar of Ru.
  2842 | D:4      | Found Gozag's Platinum Reserve.
  3454 | D:5      | Entered Level 5 of the Dungeon
  3500 | D:5      | Found a shimmering altar of Xom.
  3603 | D:5      | Found a shimmering altar of Xom.
  3611 | D:5      | Reached skill level 8 in Long Blades
  3704 | D:5      | Found an iron altar of Okawaru.
  3827 | D:5      | Found a blossoming altar of Fedhas.
  3828 | D:5      | Found a hazy altar of Hepliaklqana.
  3875 | D:5      | Became a worshipper of Warmaster Okawaru
  3968 | D:5      | Found Ygoetzof's Food Shop.
  4215 | D:5      | Found a snail-covered altar of Cheibriados.
  4358 | D:6      | Found a sand-covered staircase.
  4386 | Ossuary  | Entered an ossuary
  4460 | Ossuary  | Reached XP level 9. HP: 75/75 MP: 8/8
  4493 | Ossuary  | Reached * piety under Okawaru
  4493 | Ossuary  | Reached skill level 9 in Long Blades
  4782 | D:6      | Noticed a cyclops
  4793 | D:6      | Killed a cyclops
  4793 | D:6      | Reached ** piety under Okawaru
  4793 | D:6      | Reached skill level 10 in Long Blades
  5475 | D:7      | Found Ubizez's Antique Weapon Emporium.
  5497 | D:7      | Bought a warped long sword for 204 gold pieces
  5497 | D:7      | Identified the +5 long sword "Yvvuciakh" {venom, *Rage +Inv
                  | rN+ MR+} (You bought it in a shop on level 7 of the
                  | Dungeon)
  5498 | D:7      | Bought a crude short sword for 192 gold pieces
  5499 | D:7      | Identified the +7 short sword "Ishes" {venom, *Contam
                  | *Drain MP+9 Int+8} (You bought it in a shop on level 7 of
                  | the Dungeon)
  5543 | D:7      | Found a staircase to the Ecumenical Temple.
  5550 | D:7      | Reached *** piety under Okawaru
  5634 | D:7      | Reached XP level 10. HP: 51/86 MP: 9/9
  5656 | D:7      | Reached skill level 11 in Long Blades
  5683 | D:7      | Noticed Harold
  5701 | D:7      | Killed Harold
  6336 | D:8      | Noticed a two-headed ogre
  6339 | D:8      | Killed a two-headed ogre
  6339 | D:8      | Reached **** piety under Okawaru
  6419 | D:8      | Noticed Psyche
  6424 | D:8      | Killed Psyche
  6433 | D:8      | Reached skill level 12 in Long Blades
  6566 | D:8      | Found a glowing golden altar of the Shining One.
  6977 | D:9      | Reached ***** piety under Okawaru
  7253 | D:9      | Found Roopaura's Weapon Emporium.
  7405 | D:9      | Bought a +2 scimitar of flaming for 211 gold pieces
  7573 | D:9      | Found Feczoihy's Weapon Shop.
  7629 | D:9      | Received a gift from Okawaru
  7660 | D:9      | Found Xaud's Food Emporium.
  7771 | D:10     | Entered Level 10 of the Dungeon
  7815 | D:10     | Reached skill level 10 in Shields
  7823 | D:10     | Reached XP level 11. HP: 95/95 MP: 10/10
  8715 | D:10     | Noticed a two-headed ogre
  8724 | D:10     | Killed a two-headed ogre
  9936 | D:11     | Reached skill level 10 in Armour
  9939 | D:11     | Noticed a two-headed ogre
  9949 | D:11     | Killed a two-headed ogre
  9949 | D:11     | Reached skill level 13 in Long Blades
  9959 | D:11     | HP: 2/97 [something (8)]
 10412 | D:11     | Found a staircase to the Lair.
 10475 | D:11     | Found a staircase to the Orcish Mines.
 10656 | D:11     | Noticed a white ugly thing
 10664 | D:11     | Killed a white ugly thing
 10671 | D:11     | Noticed Gastronok
 10697 | D:11     | Killed Gastronok
 10697 | D:11     | Reached skill level 10 in Fighting
 10736 | D:11     | Noticed Josephine
 10752 | D:11     | Killed Josephine
 10752 | D:11     | Received a gift from Okawaru
 10752 | D:11     | Reached XP level 12. HP: 53/107 MP: 11/11
 11025 | D:11     | Noticed an eight-headed hydra
 11035 | D:11     | Killed a three-headed hydra
 11260 | D:11     | Noticed Erica
 11273 | D:11     | Killed Erica
 11523 | D:12     | Received a gift from Okawaru
 11772 | D:12     | Got a bloodstained double sword {god gift}
 11773 | D:12     | Identified the +8 double sword "Jeinlo Xush" {slice, rElec
                  | MR- Stlth+} (Okawaru gifted it to you on level 12 of the
                  | Dungeon)
 11914 | D:12     | Reached skill level 14 in Long Blades
 12020 | D:12     | You fall into a shaft and drop 1 floor!
 12056 | D:13     | Noticed Maurice
 12095 | D:13     | Killed Maurice
 12131 | D:13     | Found a frozen archway.
 12140 | IceCv    | Entered an ice cave
 12416 | IceCv    | Reached ****** piety under Okawaru
 12477 | IceCv    | Noticed a frost giant
 12484 | IceCv    | Reached skill level 15 in Long Blades
 12484 | IceCv    | Reached skill level 5 in Dodging
 12497 | IceCv    | Killed a frost giant
 13107 | D:13     | Found a gate to the Vaults.
 13107 | D:13     | Noticed a vault guard
 13114 | D:13     | Killed a vault guard
 13152 | D:13     | Reached XP level 13. HP: 116/116 MP: 12/12
 13374 | D:13     | Found a transporter.
 13386 | D:13     | Noticed Yqiosoeh's ghost (journeyman MiBe)
 13462 | D:13     | Found a transporter.
 14382 | Lair:1   | Entered Level 1 of the Lair of Beasts
 14425 | Lair:1   | Received a gift from Okawaru
 14427 | Lair:1   | Identified the Papyrus of Protection
 15367 | Lair:1   | Identified a scroll of acquirement
 15427 | Lair:2   | Reached skill level 16 in Long Blades
 15507 | Lair:2   | Got a bloodstained ring mail
 15518 | Lair:2   | Identified the cursed +0 ring mail of a bailey {Int+4} (You
                  | found it on level 2 of the Lair of Beasts)
 15648 | Lair:2   | Found a glowing silver altar of Zin.
 16360 | Lair:3   | Found a hole to the Spider Nest.
 16372 | Lair:3   | Received a gift from Okawaru
 16664 | Lair:3   | Got a brightly glowing emerald amulet
 16668 | Lair:3   | Identified the amulet "Pumaremom" {*Drain +Inv rF+++ Regen+
                  | Dex-4} (You found it on level 3 of the Lair of Beasts)
 17341 | Lair:4   | Found a staircase to the Shoals.
 17506 | Lair:4   | Reached XP level 14. HP: 95/129 MP: 13/13
 17519 | Lair:4   | Found the +8 whip "Snakebite" {curare, rPois}
 17973 | Lair:5   | Received a gift from Okawaru
 18129 | Lair:5   | Found a runed translucent door.
 18130 | Lair:5   | Found a viscous altar of Jiyva.
 18926 | Lair:5   | Found a staircase to the Slime Pits.
 19190 | Orc:1    | Entered Level 1 of the Orcish Mines
 19457 | Orc:2    | Entered Level 2 of the Orcish Mines
 19465 | Orc:2    | Noticed an orc warlord
 19817 | Orc:1    | Reached skill level 17 in Long Blades
 19942 | Orc:1    | Killed an orc warlord
 20130 | Orc:2    | Found Beleasea's Assorted Antiques.
 20130 | Orc:2    | Found Qifeijuwk's General Store.
 20130 | Orc:2    | Found Anunteh's Assorted Antiques.
 20130 | Orc:2    | Found Tow Qois's Book Shop.
 20322 | Orc:2    | Received a gift from Okawaru
 20329 | Orc:2    | Reached skill level 15 in Shields
 20598 | Orc:2    | Found a staircase to the Elven Halls.
 20626 | Orc:2    | Bought a scroll labeled ISOL QO QIL for 31 gold pieces
 21451 | Orc:1    | Reached XP level 15. HP: 134/139 MP: 14/14
 21648 | D:14     | Received a gift from Okawaru
 21705 | D:14     | Found Rudeurug's Gadget Boutique.
 21985 | D:14     | Found a sacrificial altar of Ru.
 22249 | D:15     | Entered Level 15 of the Dungeon
 22387 | D:15     | Reached skill level 15 in Fighting
 22480 | D:15     | Found a glowing silver altar of Zin.
 22655 | D:15     | Found a staircase to the Depths.
 22716 | D:15     | Noticed a storm dragon
 22730 | D:15     | Found a transporter.
 22734 | D:15     | Noticed Dextiela's ghost (journeyman DDNe)
 22746 | D:15     | Found a transporter.
 22789 | D:15     | Found a hazy altar of Hepliaklqana.
 22789 | D:15     | Noticed a fire giant
 22799 | D:15     | Killed a fire giant
 22805 | D:15     | Reached skill level 18 in Long Blades
 22817 | D:15     | Found a glowing golden altar of the Shining One.
 23242 | D:15     | Received a gift from Okawaru
 23586 | D:15     | Found a radiant altar of Vehumet.
 24076 | D:13     | Gained mutation: Scrolls take you a little longer to read.
                  | [a neqoxec]
 24118 | D:13     | Gained mutation: Your system is resistant to poisons.
                  | (rPois) [a neqoxec]
 24134 | D:13     | Killed Yqiosoeh's ghost
 24139 | D:13     | Got the ring "Pysk" {Int-2}
 24630 | D:15     | Killed Dextiela's ghost
 25086 | D:15     | Reached skill level 1 in Evocations
 25088 | D:15     | Mangled by a storm dragon

Levels and vault maps discovered:
D:1:      minmay_arrival_shattered_statue, layout_basic
D:2:      layout_basic, minmay_pentomino_r4, uniq_crazy_yiuf_cottage,
          uniq_jessica
D:3:      layout_loops_ring, nicolae_dithmenos_shadow_blocks, uniq_ijyb,
          uniq_natasha
D:4:      layout_layer_cave, kennysheep_mini_moat,
          nicolae_gozag_zags_fifth_avenue, uniq_pikel, uniq_blork_the_orc
D:5:      layout_loops_ring, overflow_temple_1_default,
          lemuel_coloured_pillars_altar, old_standard_altar,
          gammafunk_temple_overflow_statue, serial_shops, shop, first_ration,
          basic_altar
D:6:      hangedman_cross_stitches, layout_cave_pools, enter_ossuary_1
D:7:      layout_loops_ring, minmay_temple_entry_junction, serial_shops, shop,
          uniq_harold
D:8:      layout_loops_ring, lemuel_round_altar, uniq_psyche
D:9:      layout_rooms, serial_shops, shop_statue, nicolae_shop_trees,
          kennysheep_mini, minmay_gold_behind_fungi, minmay_misc_feat_rugged
D:10:     layout_basic, grunt_ogre_cave
D:11:     layout_grid_maze, david_lair_generic, orc_0_dummy, uniq_josephine,
          uniq_gastronok, uniq_erica
D:12:     layout_stronghold, dk_vineyard_3, grunt_ministairs_2
D:13:     layout_loops_corners, david_vaults_5, gammafunk_ghost_stat_death,
          portal_ice_cave_entry_pillars_1, uniq_maurice
D:14:     layout_loops_ring, serial_shops, nicolae_shop_behind_doors,
          hangedman_decor_points, lemuel_statue_altar
D:15:     grunt_enter_depths_snipers, layout_rooms, basic_altar,
          lemuel_tele_altar, gammafunk_ghost_berserking_beasts,
          jmf_multi_god_temple
Lair:1:   layout_chaotic_city, minmay_lair_oklob_chamber
Lair:2:   layout_regular_city, basic_altar
Lair:3:   layout_long_grid, nicolae_spider_entry_tight_spaces,
          gammafunk_lair_bear_cave
Lair:4:   minmay_guarded_unrand_snakebite, layout_cave_shapes,
          minmay_shoals_entry_hut, patterned_corridor
Lair:5:   layout_layer_cave, slime_altar_2
Orc:1:    layout_caves
Orc:2:    st_orc_ogre_mass, layout_caves, minmay_orc_keep

Skill      XL: |  1  2  3  4  5  6  7  8  9 10 11 12 13 14 15 |
---------------+----------------------------------------------+-----
Armour         | 4 5 6 7 8 9 11 12 13 | 13.5
Shields        | 4 5 6 7 8 10 11 12 13 15 16 | 16.4
Fighting       | 4 5 6 7 8 10 11 13 14 15 | 15.5
Long Blades    | 3 4 5 6 8 10 12 13 15 16 17 18 | 18.2
Stealth        | 1 2 |  2.8
Dodging        | 1 3 4 5 6 |  6.5
Evocations     | 1 |  1.0
Invocations    | |  0.6

Action                   |  1- 3 |  4- 6 |  7- 9 | 10-12 | 13-15 || total
-------------------------+-------+-------+-------+-------+-------++-------
Melee: Long sword        |    39 |   104 |   377 |   396 |       ||   916
       Headbutt          |     7 |    10 |    82 |   132 |   207 ||   438
       Double sword      |       |       |       |   170 |   832 ||  1002
       Scimitar          |       |       |       |    14 |    44 ||    58
Invok: Heroism           |       |       |       |     3 |     2 ||     5
Evoke: Wand              |       |       |       |       |     6 ||     6
  Use: Scroll            |     3 |     3 |     4 |    10 |    13 ||    33
       Potion            |     1 |     1 |     3 |     4 |     2 ||    11
  Eat: Chunk             |       |     3 |    12 |    17 |    28 ||    60
       Ration            |       |       |       |     3 |     3 ||     6
Armor: Scale mail        |    17 |    59 |    83 |       |       ||   159
       Chain mail        |       |       |    86 |   277 |   321 ||   684
       Plate armour      |       |       |       |    18 |       ||    18
       Skin              |       |       |       |     1 |       ||     1
Dodge: Dodged            |    13 |    39 |   146 |   207 |   497 ||   902
Block: Shield            |    26 |    63 |   229 |   389 |   748 ||  1455
       Rpst.: Long sword |     6 |    12 |    31 |    28 |       ||    77
       Double sword      |       |       |       |    18 |   107 ||   125
       Scimitar          |       |       |       |     2 |     1 ||     3
